 Dungeon Sprint DCSS version 0.17-a0-1718-g72dbe4d (webtiles) character file.

13300000 ztt the Ghoul of Death (level 27, -92/273 HPs)
             Began as a Ghoul Necromancer on Aug 26, 2015.
             Was the Champion of Makhleb.
             Annihilated by a fleshlord
             ... wielding a +9 great mace
              (314 damage)
             ... in the Dungeon (Sprint VIII: "Arena of Blood").
             The game lasted 00:02:48 (133 turns).

ztt the Ghoul of Death (Ghoul Necromancer)           Turns: 133, Time: 00:02:49

Health: -92/273    AC:  4    Str: 25    XL:     27
Magic:  37/53      EV: 23    Int: 10    God:    Makhleb [******]
Gold:   0          SH:  0    Dex:  9    Spells: 1 memorised, 79 levels left

rFire  . . .     SeeInvis +     j - +∞ Axe of Woe
rCold  + . .     Clarity  .     a - +0 robe
rNeg   + + +     SustAt   .     (no shield)
rPois  ∞         Gourm    .     (no helmet)
rElec  .         Spirit   .     (no cloak)
rCorr  .         Warding  .     (no gloves)
rMut   .         NoTele   +     (no boots)
MR     ++...                    (no amulet)
Stlth  +++++++++.               (no ring)
                                k - ring of see invisible

@: rotting, slowed, very slow, very resistant to hostile enchantments,
incredibly stealthy
A: rotting body, claws 1, carnivore 3, cold resistance 1, negative energy
resistance 3, slow healing 1, torment resistance, unbreathing
a: Minor Destruction, Lesser Servant of Makhleb, Major Destruction, Greater
Servant of Makhleb, Renounce Religion


You were in the Dungeon.
You worshipped Makhleb.
Makhleb was exalted by your worship.
You were not hungry.

You visited 1 branch

Inventory:

Hand weapons
 j - the +∞ Axe of Woe (weapon)
   (You found it in the Dungeon)
Armour
 a - a +0 robe (worn)
Jewellery
 k - a ring of see invisible (left claw)
Scrolls
 i - a scroll of blinking
Potions
 d - a potion of curing
 e - a potion of heal wounds
 f - a potion of haste
 g - 2 potions of magic
 h - a potion of berserk rage
Books
 b - a book of Necromancy

   Spells                             Type                      Level
   a - Pain                           Necromancy                   1
   b - Animate Skeleton               Necromancy                   1
   c - Vampiric Draining              Necromancy                   3
   d - Regeneration                   Charms/Necromancy            3
   e - Animate Dead                   Necromancy                   4
   f - Control Undead                 Necromancy                   4
Comestibles
 c - a meat ration


   Skills:
 O Level 27 Fighting
 O Level 27 Axes
 O Level 27 Throwing
 O Level 27 Armour
 O Level 27 Dodging
 O Level 27 Stealth
 O Level 27 Unarmed Combat
 O Level 27 Spellcasting
 O Level 27 Necromancy
 O Level 27 Invocations


You had 79 spell levels left.
You knew the following spells:

 Your Spells              Type           Power        Failure   Level  Hunger
a - Pain                  Necr           ####         0%          1    None


Dungeon Overview and Level Annotations

Branches:
Dungeon (1/1)

Altars:
Makhleb


Innate Abilities, Weirdness & Mutations

Your body is rotting away.
You thrive on raw meat.
You are immune to poison.
You have sharp fingernails.
You are carnivorous and can eat meat at any time.
Your flesh is cold resistant.
You are immune to negative energy.
You heal slowly when monsters are visible.
You are immune to unholy pain and torment.
You can survive without breathing.


Message History

You hear a shout! x4
The fleshlord points at you and mumbles some strange words.
You barely resist.
An orc and an ogre come into view.
Items here: )))) ==== You slash the fleshlord!
You fatally mangle the fleshlord.
You kill the fleshlord!
Makhleb accepts your kill.
You hear a shout! x6
Unknown command.
Unknown command.
You hear a shout! x3
The fleshlord hits you with a +9 great mace!!!
You hear a shout! x3
The eight-headed meat hydra appears out of thin air!
An eight-headed meat hydra comes into view.
You hear a shout!
The fleshlord hits you with a +9 great mace!!!!!!
Ouch! That really hurt!
You die...

#........#....)))._.....
..#............)%).###....
.....o........###)......##
.............D..#)).....#
.......D........#.......#.
....X..#....%...G.....§...
.....§#§#)#.....))........
..zooo§#p#)...O.)))).§....
#§#@#.....)).......#
#...#)#)....#).).....#.
#%........)....).....#.
...##....).†##S#.)).....
#.%.. ##.....).)§)§)......
#### .....####...)#.....##
##.............).....
####.....%..))......
####..%.).)......


You could see an eight-headed meat hydra (wandering), an observer (wandering), a
scourge (wandering), a fleshlord and a meat berserker (berserk).

Vanquished Creatures
  3 hell knights (D)
  9 hell beasts (D)
  5 greater mummies (D)
  2 great orbs of eyes (D)
  5 wraiths (D)
  8 vampire knights (D)
  25 ogres (D)
  3 liches (D)
  3 hydras (D)
  57 orcs (D)
  3 phantoms (D)
  8 hill giants (D)
  5 skeletal warriors (D)
  2 sea snakes (D)
  2 large abominations (D)
  6 small abominations (D)
  7 crawling corpses (D)
153 creatures vanquished.

Vanquished Creatures (others)
  4 crawling corpses (D)
4 creatures vanquished.

Grand Total: 157 creatures vanquished

Notes
Turn   | Place    | Note
--------------------------------------------------------------
     0 | D        | ztt the Ghoul Necromancer began the quest for the Orb.
     0 | D        | Reached XP level 1. HP: 14/14 MP: 2/2
     3 | D        | Noticed a bag of meat
     3 | D        | Noticed a bag of meat
     4 | D        | Noticed a meat berserker
     4 | D        | Became a worshipper of Makhleb the Destroyer
     6 | D        | Killed a meat berserker
     6 | D        | Reached skill level 9 in Dodging
     6 | D        | Reached skill level 10 in Stealth
     6 | D        | Reached skill level 26 in Necromancy
     6 | D        | Reached XP level 2. HP: 20/20 MP: 2/11
     6 | D        | Reached XP level 3. HP: 26/26 MP: 2/12
     6 | D        | Reached XP level 4. HP: 33/33 MP: 2/14
     6 | D        | Reached XP level 5. HP: 38/38 MP: 2/15
     6 | D        | Reached XP level 6. HP: 45/45 MP: 2/17
     6 | D        | Reached XP level 7. HP: 50/50 MP: 2/18
     6 | D        | Reached XP level 8. HP: 57/57 MP: 2/20
     6 | D        | Reached XP level 9. HP: 62/62 MP: 2/21
     6 | D        | Reached XP level 10. HP: 69/69 MP: 2/22
     6 | D        | Reached XP level 11. HP: 74/74 MP: 2/23
     6 | D        | Reached XP level 12. HP: 81/81 MP: 2/24
     6 | D        | Reached XP level 13. HP: 86/86 MP: 2/25
     7 | D        | Killed a bag of meat
     7 | D        | Acquired Makhleb's first power
     7 | D        | Reached skill level 27 in Necromancy
     7 | D        | Reached XP level 14. HP: 93/93 MP: 2/29
     8 | D        | Noticed a meat berserker
     8 | D        | Noticed a bag of meat
     8 | D        | Noticed a bag of meat
     8 | D        | Noticed a bag of meat
     8 | D        | Noticed a bag of meat
     9 | D        | Noticed a meat berserker
     9 | D        | Noticed a meat berserker
    10 | D        | Noticed a bag of meat
    11 | D        | Noticed a bag of meat
    11 | D        | Killed a meat berserker
    11 | D        | Reached skill level 15 in Dodging
    11 | D        | Reached skill level 15 in Spellcasting
    11 | D        | Reached XP level 15. HP: 75/110 MP: 3/33
    12 | D        | Noticed a bag of meat
    12 | D        | Noticed a bag of meat
    12 | D        | Noticed a meat berserker
    12 | D        | Killed a meat berserker
    12 | D        | Acquired Makhleb's second power
    12 | D        | Reached XP level 16. HP: 78/127 MP: 3/36
    12 | D        | HP: 6/127 [bag of meat/+9 war axe (19)]
    12 | D        | Noticed a large bag of meat
    13 | D        | Noticed a bag of meat
    13 | D        | Noticed a bag of meat
    13 | D        | Killed a meat berserker
    13 | D        | Killed a bag of meat
    13 | D        | Acquired Makhleb's third power
    13 | D        | Reached XP level 17. HP: 61/148 MP: 4/40
    13 | D        | Killed a bag of meat
    14 | D        | Noticed a destroyer
    14 | D        | Noticed a bag of meat
    14 | D        | Noticed a meat berserker
    14 | D        | Killed a meat berserker
    14 | D        | Reached skill level 15 in Fighting
    14 | D        | Reached skill level 15 in Axes
    14 | D        | Reached XP level 18. HP: 158/165 MP: 4/43
    14 | D        | Killed a bag of meat
    14 | D        | Acquired Makhleb's fourth power
    14 | D        | Killed a bag of meat
    15 | D        | Killed a destroyer
    15 | D        | Reached skill level 27 in Stealth
    15 | D        | Reached XP level 19. HP: 176/187 MP: 5/46
    15 | D        | Killed a bag of meat
    15 | D        | Acquired Makhleb's fifth power
    16 | D        | Noticed a meat berserker
    16 | D        | Killed a bag of meat
    16 | D        | Killed a bag of meat
    17 | D        | Noticed a destroyer
    17 | D        | Killed a meat berserker
    17 | D        | Reached skill level 27 in Dodging
    17 | D        | Reached XP level 20. HP: 201/211 MP: 5/49
    17 | D        | Killed a bag of meat
    17 | D        | Reached skill level 27 in Spellcasting
    19 | D        | Killed a bag of meat
    19 | D        | Reached skill level 27 in Fighting
    19 | D        | Killed a bag of meat
    19 | D        | Reached skill level 27 in Axes
    20 | D        | Killed a destroyer
    20 | D        | Reached XP level 21. HP: 224/224 MP: 6/51
    22 | D        | Noticed a destroyer
    22 | D        | Noticed a large bag of meat
    22 | D        | Noticed a large bag of meat
    22 | D        | Noticed a large bag of meat
    22 | D        | Noticed a meat berserker
    22 | D        | Noticed a bag of meat
    23 | D        | Noticed a large bag of meat
    23 | D        | Killed a meat berserker
    24 | D        | Noticed a bag of meat
    24 | D        | Noticed a bag of meat
    24 | D        | Noticed a large bag of meat
    24 | D        | Noticed a meat berserker
    25 | D        | Noticed a destroyer
    26 | D        | Killed a large bag of meat
    26 | D        | Reached skill level 15 in Throwing
    26 | D        | Reached skill level 15 in Armour
    26 | D        | Killed a large bag of meat
    26 | D        | Reached XP level 22. HP: 180/233 MP: 8/52
    27 | D        | Noticed a bag of meat
    27 | D        | Killed a meat berserker
    27 | D        | Killed a destroyer
    27 | D        | Killed a meat berserker
    27 | D        | Reached XP level 23. HP: 240/240 MP: 8/53
    28 | D        | Noticed a bag of meat
    29 | D        | Noticed a bag of meat
    29 | D        | Noticed a destroyer
    29 | D        | Killed a large bag of meat
    29 | D        | Killed a bag of meat
    29 | D        | Killed a large bag of meat
    30 | D        | Killed a large bag of meat
    30 | D        | Reached skill level 27 in Unarmed Combat
    30 | D        | Reached skill level 27 in Invocations
    30 | D        | Killed a large bag of meat
    32 | D        | Noticed a bag of meat
    33 | D        | Noticed a meat berserker
    33 | D        | Noticed a sculptor of flesh
    33 | D        | Killed a bag of meat
    33 | D        | Killed a bag of meat
    33 | D        | Killed a bag of meat
    33 | D        | Reached XP level 24. HP: 249/249 MP: 10/53
    34 | D        | Killed a destroyer
    34 | D        | Reached skill level 27 in Throwing
    34 | D        | Reached skill level 27 in Armour
    34 | D        | Killed a bag of meat
    34 | D        | Killed a destroyer
    35 | D        | Noticed a bag of meat
    36 | D        | Noticed a bag of meat
    36 | D        | Noticed a sculptor of flesh
    38 | D        | Killed a bag of meat
    38 | D        | Reached XP level 25. HP: 257/257 MP: 11/53
    38 | D        | Killed a bag of meat
    38 | D        | Killed a bag of meat
    39 | D        | Noticed a bag of meat
    42 | D        | Killed a meat berserker
    43 | D        | Killed a sculptor of flesh
    46 | D        | Noticed a meat berserker
    47 | D        | Noticed a meat berserker
    47 | D        | Noticed a bag of meat
    48 | D        | Noticed a bag of meat
    49 | D        | Killed a bag of meat
    50 | D        | Noticed a bag of meat
    50 | D        | Noticed an accursed
    50 | D        | Killed a bag of meat
    50 | D        | Killed a sculptor of flesh
    50 | D        | Reached XP level 26. HP: 266/266 MP: 15/53
    51 | D        | Noticed a bag of meat
    52 | D        | Killed a bag of meat
    52 | D        | Killed a meat berserker
    53 | D        | Noticed a bag of meat
    54 | D        | Noticed an accursed
    55 | D        | Noticed an accursed
    55 | D        | Killed a meat berserker
    57 | D        | Noticed a meat berserker
    57 | D        | Noticed a bag of meat
    57 | D        | Noticed a meat beast
    58 | D        | Noticed a large bag of meat
    59 | D        | Noticed a destroyer
    59 | D        | Killed a bag of meat
    60 | D        | Killed a bag of meat
    61 | D        | Noticed a bag of meat
    61 | D        | Killed a meat berserker
    61 | D        | Reached XP level 27. HP: 273/273 MP: 18/53
    62 | D        | Noticed a bag of meat
    62 | D        | Killed a bag of meat
    63 | D        | Killed an accursed
    63 | D        | Killed a bag of meat
    64 | D        | Noticed a bag of meat
    64 | D        | Noticed a meat beast
    65 | D        | Noticed a dread
    65 | D        | Killed an accursed
    65 | D        | Killed a bag of meat
    65 | D        | Killed a bag of meat
    66 | D        | Killed a meat beast
    67 | D        | Killed a meat beast
    67 | D        | Killed a large bag of meat
    68 | D        | Noticed a meat beast
    68 | D        | Killed an accursed
    69 | D        | Killed a bag of meat
    70 | D        | Killed a dread
    70 | D        | Killed a meat beast
    70 | D        | Killed a bag of meat
    71 | D        | Noticed a meat berserker
    71 | D        | Noticed a dread
    71 | D        | Noticed a meat berserker
    72 | D        | Noticed a wretched soul
    72 | D        | Noticed a meat berserker
    72 | D        | Killed a bag of meat
    72 | D        | Killed a destroyer
    74 | D        | Noticed a wretched soul
    74 | D        | Killed a meat berserker
    75 | D        | Noticed a meat berserker
    75 | D        | Noticed a destroyer
    75 | D        | Noticed a meat beast
    76 | D        | Noticed a meat berserker
    76 | D        | Killed a meat berserker
    77 | D        | Noticed an accursed
    77 | D        | Killed a wretched soul
    78 | D        | Killed a meat berserker
    78 | D        | Killed a meat beast
    78 | D        | Killed a dread
    79 | D        | Noticed a bag of meat
    79 | D        | Noticed a destroyer
    79 | D        | Noticed a bag of meat
    80 | D        | Killed a meat berserker
    81 | D        | Killed a wretched soul
    81 | D        | Killed a destroyer
    82 | D        | Noticed a bag of meat
    82 | D        | Noticed a bag of meat
    83 | D        | Noticed a bag of meat
    83 | D        | Noticed a sculptor of flesh
    83 | D        | Noticed a tyrant
    84 | D        | Noticed a meat beast
    84 | D        | Killed an accursed
    85 | D        | Noticed a meat berserker
    85 | D        | Killed a bag of meat
    85 | D        | Killed a meat berserker
    87 | D        | Noticed a meat berserker
    87 | D        | Noticed a meat berserker
    87 | D        | Noticed a meat berserker
    87 | D        | Noticed a bag of meat
    88 | D        | Noticed a tyrant
    88 | D        | Noticed a meat berserker
    88 | D        | Noticed a meat beast
    89 | D        | Noticed a bag of meat
    89 | D        | Noticed a bag of meat
    89 | D        | Noticed a bag of meat
    89 | D        | Noticed a bag of meat
    90 | D        | Noticed a bag of meat
    90 | D        | Noticed an accursed
    90 | D        | Killed a bag of meat
    90 | D        | Killed a meat berserker
    90 | D        | Killed a meat berserker
    91 | D        | Killed a destroyer
    91 | D        | Killed a meat berserker
    92 | D        | Noticed a bag of meat
    92 | D        | Noticed a meat berserker
    92 | D        | Killed a meat berserker
    93 | D        | Killed a meat berserker
    93 | D        | Killed a meat beast
    94 | D        | Noticed a bag of meat
    94 | D        | Killed a meat beast
    95 | D        | Noticed a bag of meat
    95 | D        | Noticed a tyrant
    95 | D        | Killed a bag of meat
    95 | D        | Killed a bag of meat
    96 | D        | Noticed a bag of meat
    96 | D        | Noticed a dread
    96 | D        | Noticed a wretched soul
    96 | D        | Killed a bag of meat
    96 | D        | Noticed a meat beast
    97 | D        | Killed a meat berserker
    97 | D        | Killed a tyrant
    98 | D        | Killed a bag of meat
    98 | D        | Killed an accursed
    99 | D        | Noticed a bag of meat
    99 | D        | Noticed a large bag of meat
    99 | D        | Noticed a bag of meat
    99 | D        | Noticed a bag of meat
    99 | D        | Noticed a sculptor of flesh
    99 | D        | Noticed a bag of meat
    99 | D        | Noticed a dread
    99 | D        | Noticed an observer
    99 | D        | Noticed an observer
   100 | D        | Killed a bag of meat
   101 | D        | Killed a bag of meat
   102 | D        | Noticed a bag of meat
   102 | D        | Killed a meat beast
   102 | D        | Killed an observer
   102 | D        | Killed a bag of meat
   103 | D        | Killed a tyrant
   104 | D        | Killed a bag of meat
   104 | D        | Killed a wretched soul
   104 | D        | Killed a bag of meat
   105 | D        | Noticed a bag of meat
   105 | D        | Killed a bag of meat
   106 | D        | Killed a bag of meat
   106 | D        | Killed a bag of meat
   106 | D        | Killed a dread
   107 | D        | Noticed a bag of meat
   107 | D        | Noticed a bag of meat
   107 | D        | Killed a bag of meat
   107 | D        | Killed a dread
   108 | D        | Noticed a bag of meat
   109 | D        | Killed a bag of meat
   109 | D        | Killed a sculptor of flesh
   110 | D        | Killed a bag of meat
   111 | D        | Killed a bag of meat
   112 | D        | Noticed a meat beast
   112 | D        | Killed a meat beast
   113 | D        | Killed an observer
   114 | D        | Killed a bag of meat
   115 | D        | Noticed a dread
   115 | D        | Killed a bag of meat
   116 | D        | Noticed a bag of meat
   116 | D        | Noticed a bag of meat
   116 | D        | Noticed a meat berserker
   116 | D        | Noticed a sculptor of flesh
   117 | D        | Noticed a bag of meat
   117 | D        | Killed a large bag of meat
   118 | D        | Noticed a fleshlord
   119 | D        | Noticed a meat beast
   119 | D        | Killed a sculptor of flesh
   119 | D        | Killed a meat berserker
   120 | D        | Killed a bag of meat
   121 | D        | Killed a bag of meat
   122 | D        | Killed a tyrant
   122 | D        | Killed a meat beast
   123 | D        | Killed a bag of meat
   124 | D        | Noticed a bag of meat
   124 | D        | Killed a bag of meat
   125 | D        | Noticed a fleshlord
   125 | D        | Killed a bag of meat
   126 | D        | Killed a bag of meat
   127 | D        | Killed a sculptor of flesh
   128 | D        | Killed a fleshlord
   128 | D        | Killed a dread
   129 | D        | Noticed a fleshlord
   129 | D        | Killed a fleshlord
   130 | D        | Noticed a fleshlord
   132 | D        | Noticed a meat berserker
   132 | D        | Noticed a bag of meat
   132 | D        | Killed a fleshlord
   133 | D        | Annihilated by a fleshlord

Vault maps used:
D:        meatsprint

Action                   |  1- 3 |  4- 6 |  7- 9 | 10-12 | 13-15 | 16-18 | 19-21 | 22-24 | 25-27 || total
-------------------------+-------+-------+-------+-------+-------+-------+-------+-------+-------++-------
Melee: Executioner's axe |     1 |       |       |       |     3 |     3 |     6 |     6 |    66 ||    85
